| TOP OF THE 1ST |
|
Pawtucket Red Sox batting - Pitching for Round Rock Express : RHP Adam Novak
|
|
Pitching: RHP Adam Novak
|
|
|
Batting: RHB Mike Quackenbush
|
0-0: Swinging Strike 0-1: Foul Ball, location: 2F 0-2: SINGLE (Groundball, 6MD, EV 102.5 MPH) (infield hit)
|
|
Batting: SHB Ben Ervin
|
0-0: Ball 1-0: Called Strike Pickoff Throw by Catcher to First - Error! E2 Mike Quackenbush to second 1-1: Foul Ball, location: 2F 1-2: SINGLE (Groundball, 4D, EV 106.9 MPH) Mike Quackenbush to third
|
|
Batting: RHB Marty King
|
0-0: Called Strike 0-1: Foul Ball, location: 2F 0-2: Ball 1-2: Ball 2-2: Foul Ball, location: 2F 2-2: Foul Ball, location: 2F 2-2: Foul Ball, location: 2F 2-2: Grounds into double play, 4-6-3 (Groundball, 34, EV 106.9 MPH) Mike Quackenbush scores
|
|
Batting: SHB Marvin Lawrence
|
0-0: Foul Ball, location: 2F 0-1: Ball 1-1: Ball 2-1: Swinging Strike 2-2: Ball 3-2: Ground out 6-3 (Groundball, 4M, EV 104.4 MPH)
|
| Top of the 1st over - 1 run, 2 hits, 1 error, 0 left on base; Pawtucket 1 - Round Rock 0 |
| BOTTOM OF THE 1ST |
|
Round Rock Express batting - Pitching for Pawtucket Red Sox : RHP J.J. Dean
|
|
Pitching: RHP J.J. Dean
|
|
|
Batting: RHB Zhi-bin Ou-yang
|
0-0: Called Strike 0-1: Ball 1-1: Foul Ball, location: 2F 1-2: Strikes out looking
|
|
Batting: SHB David Simpson
|
0-0: Foul Ball, location: 2F 0-1: Fly out, F9 (Flyball, 89D, EV 90.0 MPH)
|
|
Batting: RHB Andrew Clarke
|
0-0: Called Strike 0-1: Swinging Strike 0-2: Ball 1-2: Foul Ball, location: 2F 1-2: Ball 2-2: Ball 3-2: Base on Balls
|
|
Batting: LHB Jeff Densmore
|
0-0: Called Strike 0-1: Ball 1-1: Ball 2-1: Ball 3-1: 2-RUN HOME RUN (Flyball, 89XD, EV 98.1 MPH), Distance : 382 ft
|
|
Batting: RHB Jimmy Hammertime
|
0-0: Ball 1-0: Called Strike 1-1: Ball 2-1: Foul Ball, location: 2F 2-2: Ground out 4-3 (Groundball, 4, EV 100.0 MPH)
|
| Bottom of the 1st over - 2 runs, 1 hit, 0 errors, 0 left on base; Pawtucket 1 - Round Rock 2 |
| TOP OF THE 2ND |
|
Pawtucket Red Sox batting - Pitching for Round Rock Express : RHP Adam Novak
|
|
Batting: RHB Scott Treider
|
0-0: Ball 1-0: Ball 2-0: Ball 3-0: Called Strike 3-1: Swinging Strike 3-2: Ground out 5-3 (Groundball, 56S, EV 65.0 MPH)
|
|
Batting: LHB Mike Mentzer
|
0-0: Ball 1-0: DOUBLE (Line Drive, 78D, EV 103.1 MPH)
|
|
Batting: RHB Brandon Perris
|
0-0: Ball 1-0: Foul Ball, location: 2F 1-1: Ball 2-1: Ball 3-1: Foul Ball, location: 2F 3-2: Base on Balls
|
|
Batting: RHB Ernie Genier
|
0-0: SINGLE (Groundball, 34D, EV 103.1 MPH) Mike Mentzer to third Brandon Perris to second Runner from 3rd tries for Home, SAFE, throw by RF to home
|
|
Batting: RHB Xavier Joslin
|
0-0: Fly out, F4 (Popup, 3D, EV 65.6 MPH)
|
|
Batting: RHB Mike Quackenbush
|
0-0: Swinging Strike 0-1: Ball 1-1: Fly out, F9 (Flyball, 89M, EV 90.6 MPH)
|
| Top of the 2nd over - 1 run, 2 hits, 0 errors, 2 left on base; Pawtucket 2 - Round Rock 2 |
| BOTTOM OF THE 2ND |
|
Round Rock Express batting - Pitching for Pawtucket Red Sox : RHP J.J. Dean
|
|
Batting: RHB Bobby Keithley
|
0-0: Fly out, F6 (Flyball, 6MD, EV 88.8 MPH)
|
|
Batting: RHB Rick Concha
|
0-0: Ball 1-0: Ball 2-0: Swinging Strike 2-1: Swinging Strike 2-2: Ball 3-2: Foul Ball, location: 2F 3-2: Base on Balls
|
|
Batting: RHB Logan Savarese
|
0-0: Ball Rick Concha steals 2nd base 1-0: Ball 2-0: Called Strike 2-1: Foul Ball, location: 2F 2-2: Foul Ball, location: 2F 2-2: Ball 3-2: Foul Ball, location: 2F 3-2: Strikes out swinging
|
|
Batting: LHB Yat-sen Zhu
|
0-0: Ball 1-0: Ball 2-0: Swinging Strike 2-1: Foul Ball, location: 2F 2-2: Strikes out swinging
|
| Bottom of the 2nd over - 0 runs, 0 hits, 0 errors, 1 left on base; Pawtucket 2 - Round Rock 2 |
| TOP OF THE 3RD |
|
Pawtucket Red Sox batting - Pitching for Round Rock Express : RHP Adam Novak
|
|
Batting: SHB Ben Ervin
|
0-0: Ball 1-0: Called Strike 1-1: Called Strike 1-2: Ball 2-2: Ball 3-2: Strikes out looking
|
|
Batting: RHB Marty King
|
0-0: Ground out 4-3 (Groundball, 4, EV 79.4 MPH)
|
|
Batting: SHB Marvin Lawrence
|
0-0: Called Strike 0-1: Ball 1-1: SINGLE (Line Drive, 5, EV 69.4 MPH) (infield hit)
|
|
Batting: RHB Scott Treider
|
0-0: Fly out, F7 (Flyball, 78XD, EV 96.9 MPH)
|
| Top of the 3rd over - 0 runs, 1 hit, 0 errors, 1 left on base; Pawtucket 2 - Round Rock 2 |
| BOTTOM OF THE 3RD |
|
Round Rock Express batting - Pitching for Pawtucket Red Sox : RHP J.J. Dean
|
|
Batting: RHB Zhi-bin Ou-yang
|
0-0: Ball 1-0: Swinging Strike 1-1: Ball 2-1: Foul Ball, location: 2F 2-2: Foul Ball, location: 2F 2-2: Strikes out swinging
|
|
Batting: SHB David Simpson
|
0-0: Foul Ball, location: 2F 0-1: Ball 1-1: Ground out 4-3 (Groundball, 4, EV 83.8 MPH)
|
|
Batting: RHB Andrew Clarke
|
0-0: Called Strike 0-1: SINGLE (Line Drive, 78S, EV 103.8 MPH)
|
|
Batting: LHB Jeff Densmore
|
0-0: Ball 1-0: Swinging Strike 1-1: Ball 2-1: Fly out, F4 (Flyball, 34D, EV 87.5 MPH)
|
| Bottom of the 3rd over - 0 runs, 1 hit, 0 errors, 1 left on base; Pawtucket 2 - Round Rock 2 |
| TOP OF THE 4TH |
|
Pawtucket Red Sox batting - Pitching for Round Rock Express : RHP Adam Novak
|
|
Batting: LHB Mike Mentzer
|
0-0: Called Strike 0-1: Foul Ball, location: 2F 0-2: Ball 1-2: Fly out, F8 (Flyball, 8LM, EV 96.9 MPH)
|
|
Batting: RHB Brandon Perris
|
0-0: Ball 1-0: Swinging Strike 1-1: Fly out, F7 (Flyball, 78D, EV 81.2 MPH)
|
|
Batting: RHB Ernie Genier
|
0-0: Ball 1-0: Fly out, F4 (Line Drive, 4, EV 70.0 MPH)
|
| Top of the 4th over - 0 runs, 0 hits, 0 errors, 0 left on base; Pawtucket 2 - Round Rock 2 |
| BOTTOM OF THE 4TH |
|
Round Rock Express batting - Pitching for Pawtucket Red Sox : RHP J.J. Dean
|
|
Batting: RHB Jimmy Hammertime
|
0-0: SINGLE (Flyball, 7LS, EV 95.0 MPH)
|
|
Batting: RHB Bobby Keithley
|
0-0: Ball 1-0: Called Strike 1-1: SINGLE (Line Drive, 6D, EV 97.5 MPH) Jimmy Hammertime to second
|
|
Batting: RHB Rick Concha
|
0-0: Ball 1-0: Called Strike 1-1: Ball 2-1: Ball 3-1: Foul Ball, location: 2F 3-2: Base on Balls Jimmy Hammertime to third Bobby Keithley to second
|
|
Batting: RHB Logan Savarese
|
0-0: Ball 1-0: Ball 2-0: Ball 3-0: Called Strike 3-1: Foul Ball, location: 2F 3-2: Fielders Choice at 2nd, 4-6 (Groundball, 4, EV 90.0 MPH) Jimmy Hammertime scores Bobby Keithley to third
|
|
Batting: LHB Yat-sen Zhu
|
0-0: Called Strike Logan Savarese is caught stealing 2nd base 2-6 0-1: Ball 1-1: Ball 2-1: Foul Ball, location: 2F 2-2: Foul Ball, location: 2F 2-2: Strikes out swinging
|
| Bottom of the 4th over - 1 run, 2 hits, 0 errors, 1 left on base; Pawtucket 2 - Round Rock 3 |
| TOP OF THE 5TH |
|
Pawtucket Red Sox batting - Pitching for Round Rock Express : RHP Adam Novak
|
|
Batting: RHB Xavier Joslin
|
0-0: Ball 1-0: Ball 2-0: Foul Ball, location: 2F 2-1: Foul Ball, location: 2F 2-2: Foul Ball, location: 2F 2-2: Fly out, F7 (Flyball, 7, EV 73.1 MPH)
|
|
Batting: RHB Mike Quackenbush
|
0-0: Hit by Pitch
|
|
Batting: SHB Ben Ervin
|
0-0: Ball 1-0: Ball 2-0: Ball 3-0: Called Strike 3-1: SINGLE (Flyball, 3D, EV 92.5 MPH) Mike Quackenbush to second
|
|
Batting: RHB Marty King
|
0-0: Ball 1-0: Foul Ball, location: 2F 1-1: SINGLE (Flyball, 4D, EV 92.5 MPH) Mike Quackenbush to third Ben Ervin to second
|
|
Batting: SHB Marvin Lawrence
|
0-0: Grounds into double play, 4-6-3 (Groundball, 13, EV 83.1 MPH)
|
| Top of the 5th over - 0 runs, 2 hits, 0 errors, 2 left on base; Pawtucket 2 - Round Rock 3 |
| BOTTOM OF THE 5TH |
|
Round Rock Express batting - Pitching for Pawtucket Red Sox : RHP J.J. Dean
|
|
Batting: RHB Zhi-bin Ou-yang
|
0-0: Ball 1-0: Ball 2-0: Ball 3-0: Base on Balls
|
|
Batting: SHB David Simpson
|
0-0: Ball 1-0: SINGLE (Line Drive, 56D, EV 95.0 MPH) Zhi-bin Ou-yang to second
|
|
Batting: RHB Andrew Clarke
|
0-0: Ball 1-0: Ball 2-0: Swinging Strike 2-1: Ball 3-1: Base on Balls Zhi-bin Ou-yang to third David Simpson to second
|
|
Batting: LHB Jeff Densmore
|
0-0: Ball 1-0: Fly out, F5 (Popup, 25F, EV 85.6 MPH)
|
|
Batting: RHB Jimmy Hammertime
|
0-0: DOUBLE (Line Drive, 7LS, EV 101.9 MPH) Zhi-bin Ou-yang scores David Simpson scores Andrew Clarke to third
|
|
Pitching: RHP Justin Carrion
|
|
|
Batting: RHB Bobby Keithley
|
0-0: Called Strike 0-1: Swinging Strike 0-2: Ball 1-2: Foul Ball, location: 2F 1-2: Ball 2-2: Foul Ball, location: 2F 2-2: Ball 3-2: Ground out 1-3 (Groundball, 34S, EV 68.8 MPH)
|
|
Batting: RHB Rick Concha
|
0-0: Foul Ball, location: 2F 0-1: Ball 1-1: Fly out, F6 (Flyball, 56D, EV 89.4 MPH)
|
| Bottom of the 5th over - 2 runs, 2 hits, 0 errors, 2 left on base; Pawtucket 2 - Round Rock 5 |
| TOP OF THE 6TH |
|
Pawtucket Red Sox batting - Pitching for Round Rock Express : RHP Adam Novak
|
|
Batting: RHB Scott Treider
|
0-0: Ball 1-0: Ground out U3 (Groundball, 3, EV 88.1 MPH)
|
|
Batting: LHB Mike Mentzer
|
0-0: Called Strike 0-1: Ground out 4-3 (Groundball, 4, EV 103.8 MPH)
|
|
Batting: RHB Brandon Perris
|
0-0: Ball 1-0: Ball 2-0: Ball 3-0: Called Strike 3-1: Foul Ball, location: 2F 3-2: Foul Ball, location: 2F 3-2: Base on Balls
|
|
Batting: RHB Ernie Genier
|
0-0: Called Strike 0-1: Ball 1-1: Ball 2-1: Foul Ball, location: 2F 2-2: Strikes out swinging
|
| Top of the 6th over - 0 runs, 0 hits, 0 errors, 1 left on base; Pawtucket 2 - Round Rock 5 |
| BOTTOM OF THE 6TH |
|
Round Rock Express batting - Pitching for Pawtucket Red Sox : RHP Justin Carrion
|
|
Batting: RHB Logan Savarese
|
0-0: Foul Ball, location: 2F 0-1: Swinging Strike 0-2: Strikes out swinging
|
|
Batting: LHB Yat-sen Zhu
|
0-0: Called Strike 0-1: Ball 1-1: Ball 2-1: Ground out 4-3 (Groundball, 4, EV 97.5 MPH)
|
|
Batting: RHB Zhi-bin Ou-yang
|
0-0: Foul Ball, location: 2F 0-1: Ball 1-1: Ball 2-1: Ball 3-1: Base on Balls
|
|
Batting: SHB David Simpson
|
0-0: Ground out 4-3 (Groundball, 4, EV 88.1 MPH)
|
| Bottom of the 6th over - 0 runs, 0 hits, 0 errors, 1 left on base; Pawtucket 2 - Round Rock 5 |
| TOP OF THE 7TH |
|
Pawtucket Red Sox batting - Pitching for Round Rock Express : RHP Adam Novak
|
|
Batting: RHB Xavier Joslin
|
0-0: Swinging Strike 0-1: Ball 1-1: Called Strike 1-2: Ball 2-2: Foul Ball, location: 2F 2-2: Foul Ball, location: 2F 2-2: Foul Ball, location: 2F 2-2: Ball 3-2: Ground out 3-1 (Groundball, 34, EV 90.0 MPH)
|
|
Pitching: RHP Luis Guerrero
|
|
|
Batting: RHB Mike Quackenbush
|
0-0: Fly out, F5 (Line Drive, 5, EV 69.4 MPH)
|
|
Batting: SHB Ben Ervin
|
0-0: Ball 1-0: Foul Ball, location: 2F 1-1: Called Strike 1-2: Fly out, F4 (Flyball, 34D, EV 93.8 MPH)
|
| Top of the 7th over - 0 runs, 0 hits, 0 errors, 0 left on base; Pawtucket 2 - Round Rock 5 |
| BOTTOM OF THE 7TH |
|
Round Rock Express batting - Pitching for Pawtucket Red Sox : RHP Justin Carrion
|
|
Batting: RHB Andrew Clarke
|
0-0: Ball 1-0: Ball 2-0: Called Strike 2-1: Ball 3-1: Called Strike 3-2: Base on Balls
|
|
Batting: LHB Jeff Densmore
|
0-0: Ball 1-0: Ball 2-0: Ball 3-0: Called Strike 3-1: Foul Ball, location: 2F 3-2: Base on Balls Andrew Clarke to second
|
|
Batting: RHB Jimmy Hammertime
|
0-0: Ball 1-0: Foul Ball, location: 2F 1-1: Ball 2-1: Ball 3-1: Foul Ball, location: 2F 3-2: Foul Ball, location: 2F 3-2: Base on Balls Andrew Clarke to third Jeff Densmore to second
|
|
Batting: RHB Bobby Keithley
|
0-0: SINGLE (Line Drive, 78S, EV 101.9 MPH) Andrew Clarke scores Jeff Densmore to third Jimmy Hammertime to second Runner from 3rd tries for Home, SAFE, throw by CF to home
|
|
Batting: RHB Rick Concha
|
0-0: Sac Bunt to 15S - play at first, batter OUT! 1-3 Jimmy Hammertime to third Bobby Keithley to second
|
|
Batting: RHB Logan Savarese
|
0-0: Ground out 5-3 (Groundball, 56, EV 80.6 MPH) Jimmy Hammertime scores
|
|
Pitching: RHP Wayne Kerrick
|
|
|
Batting: LHB Yat-sen Zhu
|
0-0: Foul Ball, location: 2F 0-1: Ball 1-1: Ground out 4-3 (Groundball, 34, EV 81.9 MPH)
|
| Bottom of the 7th over - 3 runs, 1 hit, 0 errors, 1 left on base; Pawtucket 2 - Round Rock 8 |
| TOP OF THE 8TH |
|
Pawtucket Red Sox batting - Pitching for Round Rock Express : RHP Luis Guerrero
|
|
Batting: RHB Marty King
|
0-0: Ball 1-0: Called Strike 1-1: Foul Ball, location: 2F 1-2: Strikes out swinging
|
|
Batting: SHB Marvin Lawrence
|
0-0: Ball 1-0: Called Strike 1-1: Swinging Strike 1-2: Ground out 4-3 (Groundball, 34D, EV 99.4 MPH)
|
|
Batting: RHB Scott Treider
|
0-0: Fly out, F2 (Popup, 23F, EV 91.2 MPH)
|
| Top of the 8th over - 0 runs, 0 hits, 0 errors, 0 left on base; Pawtucket 2 - Round Rock 8 |
| BOTTOM OF THE 8TH |
|
Round Rock Express batting - Pitching for Pawtucket Red Sox : RHP Wayne Kerrick
|
|
Batting: RHB Zhi-bin Ou-yang
|
0-0: Called Strike 0-1: Called Strike 0-2: Foul Ball, location: 2F 0-2: SINGLE (Line Drive, 4MD, EV 101.2 MPH)
|
|
Batting: SHB David Simpson
|
0-0: Called Strike 0-1: Ball 1-1: Ball 2-1: Foul Ball, location: 2F 2-2: DOUBLE (Flyball, 78D, EV 110.6 MPH) Zhi-bin Ou-yang to third Runner from 3rd tries for Home, SAFE, no throw by LF
|
|
Batting: RHB Andrew Clarke
|
0-0: Called Strike 0-1: SINGLE (Line Drive, 4D, EV 107.5 MPH) David Simpson to third
|
|
Batting: LHB Jeff Densmore
|
0-0: Called Strike 0-1: Ball 1-1: Swinging Strike 1-2: Ball 2-2: Ball 3-2: SINGLE (Line Drive, 78M, EV 100.0 MPH) David Simpson scores Andrew Clarke to second
|
|
Batting: RHB Jimmy Hammertime
|
0-0: Grounds into double play, 6-4-3 (Groundball, 6, EV 87.5 MPH) Andrew Clarke to third
|
|
Batting: RHB Bobby Keithley
|
0-0: Called Strike 0-1: Swinging Strike 0-2: Foul Ball, location: 2F 0-2: Strikes out swinging
|
| Bottom of the 8th over - 2 runs, 4 hits, 0 errors, 1 left on base; Pawtucket 2 - Round Rock 10 |
| TOP OF THE 9TH |
|
Pawtucket Red Sox batting - Pitching for Round Rock Express : RHP Luis Guerrero
|
|
Pinch Hitting: SHB Gus Cruz
|
0-0: Ball 1-0: Foul Ball, location: 2F 1-1: Ball 2-1: Swinging Strike 2-2: Ball 3-2: Base on Balls
|
|
Pinch Hitting: RHB Trent Hood
|
0-0: Foul Ball, location: 2F 0-1: Ball 1-1: Ball 2-1: Foul Ball, location: 2F 2-2: Strikes out swinging
|
|
Batting: RHB Ernie Genier
|
0-0: Ball 1-0: Foul Ball, location: 2F 1-1: Swinging Strike 1-2: Grounds out, U3 (Groundball, 3L, EV 83.8 MPH)
|
|
Batting: RHB Xavier Joslin
|
0-0: Ball 1-0: Fly out, F8 (Line Drive, 8LM, EV 91.9 MPH)
|
| Top of the 9th over - 0 runs, 0 hits, 0 errors, 1 left on base; Pawtucket 2 - Round Rock 10 |
|